 Dungeon Crawl Stone Soup version 0.17-a0-1760-ga6756ae (webtiles) character file.

61 kae the Slasher (level 3, -1/24 HPs)
             Began as a High Elf Skald on Sept 3, 2015.
             Was an Initiate of Okawaru.
             Slain by a hobgoblin (3 damage)
             ... on level 2 of the Dungeon.
             The game lasted 00:03:35 (2531 turns).

kae the Slasher (High Elf Skald)                    Turns: 2531, Time: 00:03:35

Health: -1/24      AC:  3    Str: 12    XL:     3   Next: 83%
Magic:  16/16      EV: 11    Int: 16    God:    Okawaru [......]
Gold:   31         SH:  0    Dex: 14    Spells: 1 memorised, 5 levels left

rFire  . . .     SeeInvis .     a - +0 falchion
rCold  . . .     Clarity  .     b - +0 leather armour
rNeg   . . .     SustAt   .     (no shield)
rPois  .         Gourm    .     (no helmet)
rElec  .         Spirit   .     (no cloak)
rCorr  .         Warding  .     (no gloves)
rMut   .         Stasis   .     (no boots)
MR     .....                    (no amulet)
Stlth  +.........               l - ring of magical power
                                e - ring of flight

@: not resistant to hostile enchantments, very unstealthy
A: no striking features
a: Renounce Religion, Evoke Flight


You were on level 2 of the Dungeon.
You worshipped Okawaru.
Okawaru was noncommittal.
You were not hungry.

You visited 1 branch of the dungeon, and saw 2 of its levels.

You collected 31 gold pieces.

Inventory:

Hand weapons
 a - a +0 falchion (weapon)
Armour
 b - a +0 leather armour (worn)
Jewellery
 e - a ring of flight (left hand)
 l - a ring of magical power (right hand)
Scrolls
 f - a scroll of noise
 g - 2 scrolls of teleportation {unknown}
 h - a scroll of remove curse {unknown}
 m - a scroll of blinking {unknown}
 n - 5 scrolls of identify {unknown}
 r - a scroll of enchant weapon {unknown}
Potions
 i - 2 potions of resistance {unknown}
 j - 2 potions of might {unknown}
 k - a potion of curing {unknown}
Books
 c - a book of Battle

   Spells                             Type                      Level
   a - Infusion                       Charms                       1
   b - Shroud of Golubria             Charms/Translocation         2
   c - Song of Slaying                Charms                       2
   d - Spectral Weapon                Hexes/Charms                 3
   e - Regeneration                   Charms/Necromancy            3
Comestibles
 d - 2 bread rations
 o - a beef jerky
 p - a meat ration
 q - 3 chunks of flesh


   Skills:
 - Level 2.0 Fighting
 + Level 5.1 Long Blades
 - Level 0.8 Armour
 - Level 1.1 Dodging
 - Level 2.4 Spellcasting
 - Level 3.6 Charms


You had 5 spell levels left.
You knew the following spells:

 Your Spells              Type           Power        Failure   Level  Hunger
a - Infusion              Chrm           ##....       8%          1    #......


Dungeon Overview and Level Annotations

Branches:
Dungeon (2/15)

Altars:
Okawaru

Annotations:
D:2 Crazy Yiuf


Message History

There is an open door here.
You close the door.
You start resting.
A hobgoblin opens the door.
You hit the hobgoblin but do no damage. The hobgoblin hits you.
* * * LOW HITPOINT WARNING * * *
You hit the hobgoblin.
The hobgoblin is almost dead.
The hobgoblin barely misses you.
You hit the hobgoblin but do no damage.
The hobgoblin is severely wounded.
The hobgoblin hits you.
* * * LOW HITPOINT WARNING * * *
You hit the hobgoblin but do no damage.
The hobgoblin is severely wounded.
The hobgoblin closely misses you.
You completely miss the hobgoblin.
The hobgoblin is severely wounded.
The hobgoblin hits you.
You die...

#.########### #.# #.....# #.#
#.....# #.# #.....# #.#####.....#
##### # #.#...#.....######...#
.## ..+...+.....'...l+...#
######...
#.#...#.....######...####.......#
..'...'.........@g..............+
..#...############w...##...[....#
####### #........###.##.........
# #.######.# #.##....#.#.# #
#.######.# #.##.#......> #
#........# #.##....#.#.# #
#######..# #..#.#....... #
############..# ##.#.##.#.#.# #
#...)w........# #.#)##......


You could see a worm and a hobgoblin.

Vanquished Creatures
  An adder (D:2)
  An ooze (D:1)
  2 giant geckos
  8 bats
  4 hobgoblins
  5 jackals
  2 giant cockroaches
  2 giant newts
  8 goblins
  8 kobolds
  5 rats
46 creatures vanquished.

Vanquished Creatures (others)
  A goblin (D:1)
  A giant newt (D:1)
2 creatures vanquished.

Grand Total: 48 creatures vanquished

Notes
Turn   | Place    | Note
--------------------------------------------------------------
     0 | D:1      | kae the High Elf Skald began the quest for the Orb.
     0 | D:1      | Reached XP level 1. HP: 14/14 MP: 4/4
   111 | D:1      | Reached XP level 2. HP: 8/19 MP: 4/6
  1077 | D:1      | Reached skill level 4 in Long Blades
  1453 | D:1      | Reached XP level 3. HP: 15/24 MP: 7/7
  1875 | D:2      | Found an iron altar of Okawaru.
  1913 | D:2      | Became a worshipper of Warmaster Okawaru
  2253 | D:2      | Reached skill level 5 in Long Blades
  2452 | D:2      | Noticed Crazy Yiuf
  2531 | D:2      | Slain by a hobgoblin

Vault maps used:
D:1:      denvon_arrival_planthouse, minmay_hedge_maze, lemuel_another_geyser
D:2:      first_bread, st_stairs_2, okawaru_trees_1, uniq_crazy_yiuf_cottage

Action                   || total
-------------------------++-------
Melee: Falchion          ||   180
 Cast: Infusion          ||     6
  Use: Scroll            ||     1
  Eat: Chunk             ||     5
